 Dungeon Crawl Stone Soup version 0.21-a0-414-gba8bdf1 (webtiles) character file.

287 HAL9000 the Cutter (level 6, 0/30 HPs)
             Began as a Vine Stalker Assassin on Nov 2, 2017.
             Slain by a gnoll
             ... wielding a +0 spear
              (2 damage)
             ... on level 2 of the Dungeon.
             The game lasted 00:05:25 (1858 turns).

HAL9000 the Cutter (Vine Stalker Assassin)          Turns: 1858, Time: 00:05:26

Health: 0/30       AC:  4    Str: 15    XL:     6   Next: 30%
Magic:  0/7        EV: 11    Int: 11    God:
Gold:   71         SH:  0    Dex: 16    Spells: 5/5 levels left

rFire    . . .     SeeInvis .   a - +2 dagger
rCold    . . .     Gourm    .   (no shield)
rNeg     . . .     Faith    .   c - +0 robe
rPois    .         Spirit   +   q - +0 helmet
rElec    .         Reflect  .   d - +0 cloak
rCorr    .         Harm     .   (no gloves)
MR       .....                  (no boots)
Stlth    +++.......             (no amulet)
HPRegen  0.50/turn              (no ring)
MPRegen  0.10/turn              (no ring)

@: no status effects
A: fangs 2, regeneration 1, magic shield, antimagic bite, no potion heal 3, rot
immunity
a: no special abilities


You were on level 2 of the Dungeon.
You were not hungry.

You visited 1 branch of the dungeon, and saw 3 of its levels.

You collected 71 gold pieces.

Inventory:

Hand Weapons
 a - a +2 dagger (weapon)
 b - a +0 blowgun
Missiles
 e - 8 poisoned needles
 f - 2 curare-tipped needles
 i - 2 throwing nets (quivered)
 A - 4 javelins
Armour
 c - a +0 robe (worn)
 d - a +0 cloak (worn)
 q - a +0 helmet (worn)
Scrolls
 h - a scroll of enchant weapon {unknown}
 j - a scroll of recharging
 l - a scroll of fear
 m - a scroll of amnesia
 o - a scroll of blinking {unknown}
 s - a scroll of magic mapping {unknown}
 t - 2 scrolls of remove curse {unknown}
 y - a scroll of immolation {unknown}
 z - 2 scrolls of teleportation {unknown}
Potions
 w - a potion of curing
 B - a potion of magic {unknown}
Comestibles
 g - a bread ration
 p - 3 meat rations
 C - a chunk of flesh


   Skills:
 - Level 1.7 Fighting
 + Level 5.9 Short Blades
 - Level 1.7 Throwing
 - Level 0.7 Dodging
 - Level 4.8 Stealth


You had 5 spell levels left.
You didn't know any spells.

Dungeon Overview and Level Annotations

Branches:
Dungeon (3/15)

Altars:


Innate Abilities, Weirdness & Mutations

You have extremely sharp teeth.
Your natural rate of healing is unusually fast.
When hurt, damage is shared between your health and your magic reserves.
Your bite disrupts and absorbs the magic of your enemies.
Potions cannot restore your health.
You are immune to rotting.


Message History

There is a stone staircase leading down here.
You climb downwards.
The gnoll hits you. The gnoll barely misses you. The gnoll closely misses you.
The gnoll hits you.
There is a stone staircase leading up, spattered with blood here.
Unknown command.
The gnoll hits you but does no damage. The gnoll misses you.
The gnoll hits you.
You climb upwards.
There is a stone staircase leading down here.
Unknown command.
The gnoll hits you from afar with a spear.
The gnoll hits you from afar with a spear.
* * * LOW HITPOINT WARNING * * *
The gnoll hits you but does no damage.
The gnoll hits you from afar with a spear!
* * * LOW HITPOINT WARNING * * *
The gnoll hits you from afar with a spear.
* * * LOW HITPOINT WARNING * * *
The gnoll hits you from afar with a spear.
You die...

###.. ##### ####...#
#...# ###....###
###.#.###...######
#...#<....##....#.
#.###..#####.[....
#.###.>[####......
###.##..#...........
#..@.gg....###......
#....g............#.
####..........###......
#.............#....###.
#....##########.#####..
#...## #....# ##...
#...# ###.#### #....
#...# #.<..# #....
#...# #....#####....


You could see 3 gnolls.

Vanquished Creatures
  Grinder (D:3)
  Jessica (D:2)
  3 adders (D:2)
  2 dart slugs (D:1)
  A leopard gecko (D:1)
  8 bats
  2 giant cockroaches
  6 goblins
  8 hobgoblins
  4 jackals (D:1)
  2 quokkas (D:2)
  3 frilled lizards (D:1)
  4 kobolds
  A rat (D:2)
46 creatures vanquished.

Notes
Turn   | Place    | Note
-------+----------+-------------------------------------------
     0 | D:1      | HAL9000 the Vine Stalker Assassin began the quest for the Orb.
     0 | D:1      | Reached XP level 1. HP: 11/11 MP: 2/2
    19 | D:1      | Reached skill level 2 in Short Blades
   213 | D:1      | Reached XP level 2. HP: 8/15 MP: 3/3
   502 | D:1      | Reached skill level 3 in Short Blades
   511 | D:1      | Reached XP level 3. HP: 9/18 MP: 2/4
   942 | D:2      | Gained mutation: Your natural rate of healing is unusually fast. [Vine Stalker growth]
   942 | D:2      | Reached XP level 4. HP: 7/23 MP: 5/5
  1285 | D:2      | Reached skill level 4 in Short Blades
  1486 | D:3      | Noticed Grinder
  1507 | D:3      | Paralysed by Grinder for 4 turns
  1534 | D:3      | Paralysed by Grinder for 7 turns
  1571 | D:3      | Killed Grinder
  1571 | D:3      | Reached skill level 5 in Short Blades
  1571 | D:3      | Reached XP level 5. HP: 11/26 MP: 3/6
  1571 | D:3      | Reached XP level 6. HP: 13/30 MP: 3/7
  1707 | D:3      | Noticed Jessica
  1728 | D:2      | Killed Jessica
  1858 | D:2      | Slain by a gnoll

Vault maps used:
D:1:      eino_arrival_tree_alley
D:3:      grunt_qazlal_clouds, uniq_grinder, uniq_jessica

Skill      XL: |  1  2  3  4 |
---------------+-------------+-----
Short Blades   | 2 3 5 |  5.9
Fighting       | |  1.7
Throwing       | |  1.7
Dodging        | |  0.7
Stealth        | |  4.8

Action                   |  1- 3 |  4- 6 || total
-------------------------+-------+-------++-------
Melee: Dagger            |    88 |    68 ||   156
       Bite              |    22 |    16 ||    38
  Use: Potion            |     2 |     1 ||     3
       Scroll            |       |     5 ||     5
 Stab: Sleeping          |     7 |     2 ||     9
  Eat: Chunk             |       |     3 ||     3
Armor: Robe              |    39 |    26 ||    65
       Skin              |       |     2 ||     2
Dodge: Dodged            |    76 |    37 ||   113

Table legend:
 A = Spawn XP
 B = Non-spawn XP
 C = Spawn XP percentage of total XP
 D = Spawn monster count
 E = Non-spawn monster count
 F = Spawn count percentage of total count
 G = Total turns spent on level
                    A         B        C        D         E        F      G
               +---------+---------+-------+---------+---------+-------+---------
         Total |       0 |     411 |   0.0 |       0 |      46 |   0.0 |  1858
               +---------+---------+-------+---------+---------+-------+---------
           D:1 |       0 |      45 |   0.0 |       0 |      25 |   0.0 |   805
           D:2 |       0 |     102 |   0.0 |       0 |      19 |   0.0 |   728
           D:3 |       0 |     264 |   0.0 |       0 |       2 |   0.0 |   325
               +---------+---------+-------+---------+---------+-------+---------
